 Dungeon Crawl Stone Soup version 0.22-a0-880-gb7b0c8b (webtiles) character file.

119 prawnwizard the Slasher (level 4, -11/35 HPs)
             Began as a Demonspawn Gladiator on July 30, 2018.
             Mangled by an orc warrior
             ... wielding a cursed -3 dire flail
              (17 damage)
             ... on level 4 of the Dungeon.
             The game lasted 00:02:35 (3368 turns).

prawnwizard the Slasher (Demonspawn Gladiator)      Turns: 3368, Time: 00:02:36

Health: -11/35     AC: 12    Str: 15    XL:     4   Next: 74%
Magic:  0/4        EV: 11    Int:  9    God:
Gold:   212        SH:  0    Dex: 15    Spells: 3/3 levels left

rFire    . . .     SeeInvis .   a - +0 long sword
rCold    . . .     Gourm    .   (no shield)
rNeg     + . .     Faith    .   v - -1 scale mail (curse)
rPois    .         Spirit   +   c - +0 helmet
rElec    .         Reflect  .   (no cloak)
rCorr    .         Harm     .   (no gloves)
MR       .....                  (no boots)
Stlth    ..........             (no amulet)
HPRegen  0.11/turn              t - ring of wizardry
MPRegen  0.09/turn              i - ring of positive energy

@: lethally poisoned (-11 -> -14), sanguine armour
A: magic shield, sanguine armour 1
a: no special abilities


You were on level 4 of the Dungeon.
You were hungry.

You visited 1 branch of the dungeon, and saw 4 of its levels.

You collected 212 gold pieces.

Inventory:

Hand Weapons
 a - a +0 long sword (weapon)
Missiles
 d - 3 throwing nets (quivered)
Armour
 b - a +0 leather armour
 c - a +0 helmet (worn)
 u - a +0 plate armour
 v - a cursed -1 scale mail (worn)
Jewellery
 h - an uncursed ring of stealth
 i - a ring of positive energy (right hand)
 t - a ring of wizardry (left hand)
 w - an uncursed ring of resist corrosion {unknown}
Scrolls
 g - a scroll of enchant weapon {unknown}
 j - 2 scrolls of fear {unknown}
 m - a scroll of random uselessness {unknown}
 p - 4 scrolls of identify {unknown}
 q - a scroll of immolation {unknown}
 r - 2 scrolls of teleportation {unknown}
 s - a scroll of enchant armour {unknown}
Potions
 e - a potion of agility {unknown}
 k - 2 potions of curing {unknown}
 l - a potion of degeneration {unknown}
 n - a potion of flight {unknown}
 o - a potion of heal wounds {unknown}
Comestibles
 f - 6 rations


   Skills:
 + Level 3.0 Fighting
 * Level 4.0 Long Blades
 - Level 1.7 Throwing
 + Level 3.4 Dodging


You had 3 spell levels left.
You didn't know any spells.
Your spell library was empty.

Dungeon Overview and Level Annotations

Branches:
Dungeon (4/15)
 Temple: D:4-7

Altars:


Innate Abilities, Weirdness & Mutations

When hurt, damage is shared between your health and your magic reserves.
When seriously injured, your bleeding wounds create armour. (AC +6)


Message History

The scorpion is almost dead.
You feel sick.
A kobold comes into view. It is wielding a short sword.
The scorpion stings you.
You hit the scorpion.
You kill the scorpion!
Your Fighting skill increases to level 3!
Your Long Blades skill increases to level 4!
Unknown command.
You closely miss the orc warrior.
The orc warrior hits you with an enchanted dire flail.
Unknown command.
You barely miss the orc warrior.
You feel sick.
The orc warrior hits you with an enchanted dire flail!
* * * LOW HITPOINT WARNING * * *
Unknown command.
You slash the orc warrior!
The orc warrior is moderately wounded.
The orc warrior hits you with an enchanted dire flail!!
You die...

.....o.......##
#....o..........
#...o...o......
...........##..#
..#..#..........
.....##......)o# #o#
#o# #@# # #.# #####
###.###.# ##...##
........######.....#
...................#
.##.####..####.....#
# #..# ##...## #
#..# ##.## # #..#
#.# #


You could see an orc warrior, an orc priest and an orc.

Vanquished Creatures
  A scorpion (D:4)
  An adder (D:2)
  An ooze (D:1)
  A worm (D:2)
  2 leopard geckos
  2 orcs (D:4)
  4 giant cockroaches
  8 goblins
  4 hobgoblins
  5 jackals
  A ball python (D:1)
  2 bats
  6 frilled lizards
  5 kobolds
  8 rats
51 creatures vanquished.

Notes
Turn   | Place    | Note
-------+----------+-------------------------------------------
     0 | D:1      | prawnwizard the Demonspawn Gladiator began the quest for the Orb.
     0 | D:1      | Reached XP level 1. HP: 16/16 MP: 1/1
    61 | D:1      | Reached skill level 3 in Long Blades
    82 | D:1      | Gained mutation: When hurt, damage is shared between your health and your magic reserves. [demonic ancestry]
    82 | D:1      | Reached XP level 2. HP: 6/22 MP: 2/2
   845 | D:1      | Gained mutation: When seriously injured, your bleeding wounds create armour. (AC +6) [demonic ancestry]
   845 | D:1      | Reached XP level 3. HP: 21/28 MP: 3/3
  1182 | D:2      | You fall through a shaft for 2 floors!
  3346 | D:4      | Noticed a scorpion
  3347 | D:4      | Noticed an orc warrior
  3348 | D:4      | Reached XP level 4. HP: 34/34 MP: 4/4
  3365 | D:4      | Reached skill level 4 in Long Blades
  3368 | D:4      | Mangled by an orc warrior

Vault maps used:
D:1:      ncdulo_halloftheorcs, minmay_tetromino_s4
D:2:      nrook_uturn, roderic_serpentine_path
D:4:      first_ration, evilmike_ruin_ashenzari, uniq_natasha

Skill      XL: |  1  2  3  4 |
---------------+-------------+-----
Long Blades    | 3 4 |  4.0
Dodging        | 3 |  3.4
Fighting       | 3 |  3.0
Throwing       | |  1.7

Action                   |  1- 3 |  4- 6 || total
-------------------------+-------+-------++-------
Melee: Long sword        |   120 |    16 ||   136
 Stab: Sleeping          |     2 |       ||     2
  Eat: Chunk             |     7 |       ||     7
Armor: Leather armour    |    21 |       ||    21
       Scale mail        |     7 |     5 ||    12
Dodge: Dodged            |    99 |     8 ||   107
       Rpst.: Long sword |    36 |     2 ||    38

Table legend:
 A = Spawn XP
 B = Non-spawn XP
 C = Spawn XP percentage of total XP
 D = Spawn monster count
 E = Non-spawn monster count
 F = Spawn count percentage of total count
 G = Total turns spent on level
                    A         B        C        D         E        F      G
               +---------+---------+-------+---------+---------+-------+---------
         Total |       0 |     171 |   0.0 |       0 |      51 |   0.0 |  3368
               +---------+---------+-------+---------+---------+-------+---------
           D:1 |       0 |      46 |   0.0 |       0 |      29 |   0.0 |  1097
           D:2 |       0 |      33 |   0.0 |       0 |       9 |   0.0 |   986
           D:3 |       0 |      15 |   0.0 |       0 |       9 |   0.0 |  1191
           D:4 |       0 |      77 |   0.0 |       0 |       4 |   0.0 |    94
               +---------+---------+-------+---------+---------+-------+---------
